cohdb
Replays
Latest Replays
All Replays
Popular Replays
Top Player Replays
Match Explorer
How It Works
Community
CoH3 Stats
Reddit
Sign in to upload your games and track your stats! →
Sign in with Steam
Match 44150143
Unlisted
Match 44150143
Overview
Messages
Build Orders
End
Panzergrenadier Squad
Selects Battlefield Espionage Battlegroup
Selects Sector Subterfuge Beacon
250 Light Carrier
Construct Light Support Kompanie
MG34 Team
Combat Half-tracks
Selects Transfer Depots
Fire Support Elements
Pak 38 Anti-tank Gun Team
Panzerjäger Squad
2.5-tonne Medical Truck
Panzergrenadier Squad
Construct Panzerarmee Kommand
Vehicle Survival Package
Walking Stuka Rocket Launcher
Rapid Advance
MG34 Team
Selects 250/3 Funkpanzerwagen
Selects Anti-Tank Incendiary Munitions
Flak 36 Anti-tank Gun Team
Selects Disruption Operation
Veteran Squad Leaders
Emergency Repair Kits
Selects Operation Skorpion
Ace-sa
Primera <tMjxD>
Oncle-Hô
UMP45
KanekCASE.GIFT
法拉利 戰術大師
0
0
Comments
sign in to comment!
No comments posted yet!